 Dungeon Crawl Stone Soup version 0.14-a0-1765-g49ce880 (webtiles) character file.

922 Herrn the Skirmisher (level 7, 0/62 HPs)
             Began as a Minotaur Fighter on Jan 5, 2014.
             Succumbed to a worker ant's poison
             ... on Level 4 of the Dungeon.
             The game lasted 00:22:10 (3297 turns).

Herrn the Skirmisher (Minotaur Fighter)             Turns: 3297, Time: 00:22:10

HP   0/62        AC  9     Str 20      XL: 7   Next: 46%
MP   3/3         EV  7     Int  5      God:
Gold 186         SH 20     Dex 12      Spells:  0 memorised,  6 levels left

rFire  . . .     SeeInvis .     u - +0,+3 orc whip (pain)
rCold  . . .     Clarity  .     F - +1 scale mail
rNeg   . . .     Conserve .     c - +0 shield
rPois  .         rCorr    .     (helmet restricted)
rElec  .         rRot     .     (no cloak)
SustAb . .       Spirit   .     v - +0 pair of gloves
rMut   .         Warding  .     (no boots)
Saprov . . .     Stasis   .     g - amulet of rage
                                (no ring)
                                (no ring)

@: mildly poisoned, slightly resistant to hostile enchantments, extremely
unstealthy
A: retaliatory headbutt, horns 2
a: Evoke Berserk Rage


You were on level 4 of the Dungeon.
You were hungry.

You visited 1 branch of the dungeon, and saw 5 of its levels.

You collected 186 gold pieces.

Inventory:

Hand weapons
 a - a +0,+0 mace
 u - a +0,+3 orcish whip of pain (weapon)
Armour
 c - a +0 shield (worn)
 v - a +0 pair of gloves (worn)
 F - a +1 scale mail (worn)
Comestibles
 d - 5 bread rations
 f - 3 meat rations
 o - 2 pears
 w - a chunk of worker ant flesh
 z - 9 strawberries
Scrolls
 j - 2 scrolls of remove curse
 k - 3 scrolls of blinking
 l - a scroll of immolation {unknown}
 m - a scroll of teleportation {unknown}
 q - a scroll of fear {unknown}
 s - a scroll of enchant weapon II
 t - a scroll of fog {unknown}
 x - a scroll of recharging {unknown}
 y - 2 scrolls of noise {unknown}
 A - a scroll of magic mapping
Jewellery
 g - an amulet of rage (around neck)
Potions
 e - 2 potions of resistance {unknown}
 h - 2 potions of heal wounds {unknown}
 i - a potion of paralysis {unknown}
 n - a potion of degeneration {unknown}
 p - 2 potions of might {unknown}


   Skills:
 * Level 5.9 Fighting
 * Level 5.1 Maces & Flails
 + Level 5.4 Armour
 + Level 4.0 Dodging
 + Level 0.1 Stealth
 + Level 5.4 Shields


You had 6 spell levels left.
You didn't know any spells.

Dungeon Overview and Level Annotations

Branches:
Dungeon (5/16)
 Temple: D:4-7

Altars:


Innate Abilities, Weirdness & Mutations

You reflexively headbutt those who attack you in melee.
You have a pair of horns on your head.


Message History

You feel sick.
* * * LOW HITPOINT WARNING * * *
You feel sick.
* * * LOW HITPOINT WARNING * * *
You feel sick.
* * * LOW HITPOINT WARNING * * *
You feel sick.
* * * LOW HITPOINT WARNING * * *
You feel sick.
You are feeling hungry.
* * * LOW HITPOINT WARNING * * *
You feel sick.
* * * LOW HITPOINT WARNING * * *
You feel sick.
* * * LOW HITPOINT WARNING * * *
You feel sick.
* * * LOW HITPOINT WARNING * * *
You feel sick.
You feel your dexterity returning.
It was a potion of restore abilities.
You die...

#.# #.#.##%# #.# #.....# #. #.#
#.#.##.#######.###.....# #.
#.####.#.##[##..............# #.
............................####.
#.##...####......................
...#...# ######<######.....####.
...#...# ##)## #.....# #.
...#...# #...# #.....# #.
>..#...# #.@.#####.....####.
...#...# #...>.......%.)....
####...########.............####.
####........................# #.
............................# #.
.#####.#....................####.
.#####......................##...
............<....................
.##############.............##...


There were no monsters in sight!

Vanquished Creatures
  The ghost of Jenx the Conjurer, an average DECj (D:4)
  Eustachio (D:4)
  A crimson imp (D:4)
  A hound (D:4)
  2 orc priests (D:4)
  4 orc wizards
  2 worker ants (D:4)
  Terence (D:3)
  6 adders
  A green rat (D:4)
  A giant mite (D:3)
  2 worms
  A grey rat (D:4)
  3 giant geckos
  9 orcs
  A ball python (D:1)
  A bat skeleton (D:3)
  5 giant cockroaches
  11 hobgoblins
  4 jackals (D:2)
  A quokka (D:4)
  13 bats
  5 giant newts
  8 goblins
  6 kobolds
  8 rats
99 creatures vanquished.

Notes
Turn   | Place    | Note
--------------------------------------------------------------
     0 | D:1      | Herrn, the Minotaur Fighter, began the quest for the Orb.
     0 | D:1      | Reached XP level 1. HP: 19/19 MP: 1/1
   110 | D:1      | Reached XP level 2. HP: 27/27 MP: 1/1
   156 | D:1      | Reached skill level 4 in Shields
   658 | D:2      | Reached XP level 3. HP: 33/33 MP: 2/2
  1189 | D:2      | Reached skill level 1 in Dodging
  1189 | D:2      | Reached XP level 4. HP: 37/41 MP: 2/2
  1825 | D:3      | Reached XP level 5. HP: 47/47 MP: 2/2
  2233 | D:3      | Noticed Terence
  2245 | D:3      | Killed Terence
  2245 | D:3      | Reached skill level 5 in Fighting
  2400 | D:4      | Noticed Jenx's ghost (average DECj)
  2423 | D:4      | Killed Jenx's ghost
  2423 | D:4      | Reached XP level 6. HP: 38/56 MP: 3/3
  2526 | D:4      | Noticed Eustachio
  2867 | D:4      | Killed Eustachio
  2867 | D:4      | Reached skill level 5 in Armour
  2867 | D:4      | Reached skill level 5 in Shields
  2867 | D:4      | Reached XP level 7. HP: 61/61 MP: 3/3
  2954 | D:4      | Reached skill level 5 in Maces & Flails
  3197 | D:5      | Entered Level 5 of the Dungeon
  3270 | D:4      | HP: 3/62 [poisoned by a worker ant]
  3282 | D:4      | HP: 3/62 [poisoned by a worker ant]
  3290 | D:4      | HP: 3/62 [poisoned by a worker ant]
  3296 | D:4      | HP: 1/62 [poisoned by a worker ant]
  3297 | D:4      | Succumbed to a worker ant's poison

Action                   |  1- 3 |  4- 6 |  7- 9 || total
-------------------------+-------+-------+-------++-------
Melee: Mace              |    90 |    61 |       ||   151
       Whip              |       |    92 |    58 ||   150
 Abil: Evoke Berserk Rag |       |     1 |       ||     1
  Use: Scroll            |       |     7 |       ||     7
       Potion            |       |     1 |     1 ||     2
